 Dungeon Crawl Stone Soup version 0.24.0-37-gcf1ca852f1 (webtiles) character file.

Game seed: 11542415133230196510, levelgen mode: deterministic

17399 Froggeryz the Bludgeoner (level 12, -4/72 HPs)
             Began as a Gargoyle Fighter on Dec 8, 2019.
             Was a High Priest of Okawaru.
             Killed from afar by a rime drake (21 damage)
             ... with a flash freeze
             ... on level 3 of the Lair of Beasts.
             The game lasted 00:19:38 (11289 turns).

Froggeryz the Bludgeoner (Gargoyle Fighter)        Turns: 11289, Time: 00:19:38

Health: -4/72      AC: 24    Str: 24    XL:     12   Next: 47%
Magic:  0/12       EV:  8    Int: 12    God:    Okawaru [*****.]
Gold:   715        SH: 11    Dex: 10    Spells: 11/11 levels left

rFire    . . .     SeeInvis .   G - +1 morningstar (protect)
rCold    . . .     Gourm    .   c - +0 shield
rNeg     + . .     Faith    .   b - +0 scale mail
rPois    ∞         Spirit   +   (no helmet)
rElec    +         Reflect  .   D - +2 cloak {MR+}
rCorr    .         Harm     .   z - +0 pair of gloves
MR       +....                  x - +0 pair of boots
Stlth    ..........             a - amulet of guardian spirit
HPRegen  0.22/turn              s - +3 ring of strength
MPRegen  0.13/turn              y - +1 ring of protection

@: no status effects
A: negative energy resistance 1, electricity resistance, unbreathing,
petrification resistance, rot immunity, AC +8
a: Heroism, Finesse, Renounce Religion


You were on level 3 of the Lair of Beasts.
You worshipped Okawaru.
Okawaru was extremely pleased with you.
You were not hungry.

You visited 3 branches of the dungeon, and saw 14 of its levels.

You collected 967 gold pieces.
You spent 252 gold pieces at shops.

Inventory:

Hand Weapons
 G - a +1 morningstar of protection (weapon)
Armour
 b - a +0 scale mail (worn)
 c - a +0 shield (worn)
 w - a +0 large shield
 x - a +0 pair of boots (worn)
 z - a +0 pair of gloves (worn)
 D - a +2 cloak of magic resistance (worn)
Jewellery
 a - an amulet of guardian spirit (around neck)
 s - a +3 ring of strength (left hand)
 y - a +1 ring of protection (right hand)
 H - an uncursed ring of resist corrosion
 K - a +2 ring of intelligence
 M - an uncursed ring of ice
 P - a +6 amulet of reflection {unknown}
Wands
 t - a wand of paralysis (2)
 u - a wand of flame (5)
 A - a wand of random effects (6)
 E - a wand of polymorph (16)
Scrolls
 d - 7 scrolls of teleportation
 e - 2 scrolls of enchant armour {unknown}
 g - 17 scrolls of identify
 h - 2 scrolls of enchant weapon {unknown}
 i - 6 scrolls of remove curse
 k - a scroll of vulnerability {unknown}
 l - 5 scrolls of immolation {unknown}
 m - 2 scrolls of amnesia {unknown}
 o - 3 scrolls of magic mapping {unknown}
 q - a scroll of fear {unknown}
 r - 5 scrolls of blinking {unknown}
 v - 3 scrolls of noise {unknown}
 C - a scroll of fog {unknown}
 F - a scroll of random uselessness {unknown}
 L - 2 scrolls of silence {unknown}
Potions
 j - 8 potions of curing
 n - 2 potions of heal wounds
 p - 4 potions of brilliance
 B - a potion of lignification {unknown}
 I - a potion of degeneration {unknown}
 J - 2 potions of flight {unknown}
Comestibles
 f - 33 rations


   Skills:
 - Level 7.2 Fighting
 - Level 16.0 Maces & Flails
 + Level 8.0 Armour
 + Level 8.0 Shields


You had 11 spell levels left.
You didn't know any spells.
Your spell library contained the following spells:

 Spells                   Type           Power        Failure   Level  Hunger
 Animate Skeleton         Necr           N/A          87%         1    ##.....
 Beastly Appendage        Tmut           #.....       87%         1    ##.....
 Corona                   Hex            #......      87%         1    ##.....
 Pain                     Necr           #...         87%         1    ##.....
 Sting                    Conj/Pois      #...         87%         1    ##.....
 Poisonous Vapours        Pois/Air       #.....       95%         2    ###....
 Slow                     Hex            #.......     95%         2    ###....
 Sticks to Snakes         Tmut           #.......     95%         2    ###....
 Inner Flame              Hex/Fire       #.......     99%         3    ####...
 Mephitic Cloud           Conj/Pois/Air  #.......     99%         3    ####...
 Portal Projectile        Hex/Tloc       #.....       99%         3    ####...
 Regeneration             Chrm/Necr      #.........   99%         3    ####...
 Spider Form              Tmut/Pois      #.........   99%         3    ####...
 Vampiric Draining        Necr           #.........   99%         3    ####...
 Animate Dead             Necr           N/A          100%        4    #####..
 Cause Fear               Hex            #.........   100%        4    #####..
 Ice Form                 Ice/Tmut       #.......     100%        4    #####..
 Leda's Liquefaction      Hex/Erth       #.........   100%        4    #####..
 Olgreb's Toxic Radiance  Pois           #.......     100%        4    #####..
 Blade Hands              Tmut           #.........   100%        5    ######.
 Venom Bolt               Conj/Pois      #.........   100%        5    ######.


Dungeon Overview and Level Annotations

Branches:
Dungeon (10/15)            Temple (1/1) D:5            Lair (3/6) D:10
  Swamp (0/4) Lair:3       Spider (0/4) Lair:2
    Orc: D:9-12

Altars:
Ashenzari
Cheibriados
Dithmenos
Elyvilon
Fedhas
Gozag
Hepliaklqana
Kikubaaqudgha
Makhleb
Nemelex Xobeh
Okawaru
Qazlal
Ru
Sif Muna
Trog
Uskayaw
Vehumet
Wu Jian
Xom
Yredelemnul
Zin
The Shining One

Shops:
D:9 :((

Annotations:
D:9 3 runed translucent doors, Bstoun's ghost, novice HOBe


Innate Abilities, Weirdness & Mutations

You are resistant to torment.
Your stone body is resilient. (AC +8)
You are immune to poison.
You resist negative energy. (rN+)
You are resistant to electric shocks. (rElec)
You can survive without breathing.
You are immune to petrification.
You are immune to rotting.


Message History

You resist with almost no effort. The basilisk gazes at you.
You are unaffected.
The komodo dragon hisses menacingly.
Found a scroll of identify.
A rime drake comes into view.
The rime drake breathes ice at you. The flash freeze hits you!
* * * LOW HITPOINT WARNING * * *
You are encased in ice.
The basilisk gazes at you. You resist with almost no effort.
Okay, then.
Unknown command.
You feel much better. The ice encasing you melts away.
The komodo dragon bites you but does no damage.
The rime drake breathes ice at you. The flash freeze hits you!!
You die...

.P##..#.## #...†..$...8###...
......#..####.#.†.......#....
.........#.##................
....................#........
..............#.........#....
....#......#..##....#...#....
.....##....#...)ll.##....#..#
.....##..........l.P#....# ##
.....#..........@.......##
...........#........#....
........P.##.......#.#....
.P.......#####......#......
..>.......# #P...k#......
.........## ...?.........
........## ###..........
.......## ###.......
......#.#


You could see a komodo dragon, 2 basilisks and a rime drake.

Vanquished Creatures
  Snorg (D:10)
  Harold (D:10)
  Fannar (Lair:2)
  2 hydras (Lair:3)
  A two-headed ogre (D:9)
  An unseen horror (D:9)
  Pikel (D:5)
  Maurice (D:9)
  2 black mambas
  3 spiny frogs
  A rime drake (Lair:3)
  2 komodo dragons (Lair:3)
  A polar bear (Lair:3)
  A troll (D:9)
  A hornet (D:7)
  Grinder (D:6)
  Prince Ribbit (D:6)
  A hippogriff (Lair:1)
  5 blink frogs (Lair:3)
  A shadow (D:8)
  2 wyverns
  A yak (D:8)
  3 basilisks (Lair:3)
  A hungry ghost (D:9)
  A steam dragon (Lair:3)
  Edmund (D:5)
  2 wargs
  2 soldier ants (D:8)
  A water moccasin (Lair:2)
  5 porcupines
  3 ice beasts
  2 sky beasts
  4 orc warriors
  A phantom (D:5)
  5 wolves (Lair:2)
  5 ogres
  5 centaurs
  4 crocodiles
  Blork the orc (D:5)
  12 bullfrogs
  A scorpion (D:10)
  A howler monkey (D:4)
  4 crimson imps
  A bullfrog zombie (D:10)
  4 hounds
  6 orc priests
  2 centaur skeletons
  2 gnoll shamans
  4 iguanas
  Jessica (D:3)
  9 worker ants
  4 orc wizards
  A hound skeleton (D:4)
  8 gnolls
  15 adders
  A shadow imp (D:7)
  3 oozes
  3 adder skeletons
  3 worms (D:2)
  A dart slug (D:1)
  5 leopard geckos
  24 orcs
  7 bats
  6 giant cockroaches
  8 goblins
  11 hobgoblins
  9 jackals
  7 quokkas
  A ball python (D:5)
  4 frilled lizards
  A jackal skeleton (D:4)
  9 kobolds
  A leopard gecko skeleton (D:8)
  16 rats
  A rat zombie (D:7)
274 creatures vanquished.

Vanquished Creatures (others)
  Menkaure (D:5)
  A sky beast (D:5)
  A slave (D:5)
  A scorpion (D:5)
  An orc priest (D:5)
  2 orc wizards (D:5)
  8 orcs (D:5)
15 creatures vanquished.

Grand Total: 289 creatures vanquished

Notes
Turn   | Place    | Note
-------+----------+-------------------------------------------
     0 | D:1      | Froggeryz the Gargoyle Fighter began the quest for the Orb.
     0 | D:1      | Reached XP level 1. HP: 14/14 MP: 1/1
   117 | D:1      | Reached XP level 2. HP: 19/19 MP: 2/2
   239 | D:1      | Reached skill level 3 in Maces & Flails
   340 | D:1      | You fall into a shaft and drop 1 floor!
   349 | D:2      | Reached XP level 3. HP: 20/23 MP: 3/3
   377 | D:2      | Found a sparkling altar of Nemelex Xobeh.
   486 | D:2      | Reached skill level 4 in Maces & Flails
   654 | D:1      | Reached XP level 4. HP: 28/28 MP: 4/4
  1344 | D:2      | Noticed a bullfrog
  1358 | D:2      | Found a transporter.
  1459 | D:2      | Found a transporter.
  1468 | D:2      | Found a shattered altar of Ashenzari.
  1546 | D:2      | Found a glowing golden altar of the Shining One.
  1847 | D:2      | Killed a bullfrog
  1847 | D:2      | Reached skill level 5 in Maces & Flails
  1847 | D:2      | Reached XP level 5. HP: 32/32 MP: 5/5
  1939 | D:3      | Reached skill level 6 in Maces & Flails
  1939 | D:3      | Reached XP level 6. HP: 23/37 MP: 6/6
  2280 | D:3      | Noticed a hippogriff
  2717 | D:3      | Noticed Jessica
  2726 | D:3      | Killed Jessica
  2840 | D:4      | Reached skill level 7 in Maces & Flails
  3154 | D:4      | Reached XP level 7. HP: 41/41 MP: 7/7
  3625 | D:5      | Entered Level 5 of the Dungeon
  3700 | D:5      | Noticed Pikel
  3728 | D:5      | Killed Pikel
  3728 | D:5      | Reached skill level 9 in Maces & Flails
  3728 | D:5      | Reached XP level 8. HP: 46/46 MP: 8/8
  3791 | D:5      | Found an ornate altar of the Wu Jian Council.
  3792 | D:5      | Found a blossoming altar of Fedhas.
  3792 | D:5      | Found a stormy altar of Qazlal.
  3818 | D:5      | Reached skill level 10 in Maces & Flails
  4001 | D:5      | Found a radiant altar of Vehumet.
  4006 | D:5      | Noticed Blork the orc
  4047 | D:5      | Killed Blork the orc
  4338 | D:5      | Killed Menkaure
  4451 | D:5      | Noticed Edmund
  4458 | D:5      | Killed Edmund
  4458 | D:5      | Reached skill level 11 in Maces & Flails
  4671 | D:5      | Reached XP level 9. HP: 31/51 MP: 9/9
  4725 | D:5      | Found a staircase to the Ecumenical Temple.
  4735 | Temple   | Entered the Ecumenical Temple
  4748 | Temple   | Became a worshipper of Warmaster Okawaru
  4894 | D:6      | Noticed Prince Ribbit
  4904 | D:6      | Killed Prince Ribbit
  4923 | D:6      | Reached skill level 12 in Maces & Flails
  5090 | D:6      | Noticed Grinder
  5099 | D:6      | Paralysed by Grinder for 5 turns
  5110 | D:6      | Killed Grinder
  5199 | D:6      | Reached * piety under Okawaru
  5676 | D:7      | Noticed a hornet
  5697 | D:7      | Killed a hornet
  5960 | D:7      | Found an ancient bone altar of Kikubaaqudgha.
  6164 | D:8      | Reached skill level 5 in Fighting
  6212 | D:8      | Reached XP level 10. HP: 57/59 MP: 8/10
  6217 | D:8      | Reached skill level 13 in Maces & Flails
  6252 | D:8      | Reached ** piety under Okawaru
  7024 | D:9      | Noticed a two-headed ogre
  7037 | D:9      | Killed a two-headed ogre
  7037 | D:9      | Reached *** piety under Okawaru
  7204 | D:9      | Found a runed translucent gate.
  7205 | D:9      | Found a runed translucent gate.
  7269 | D:9      | Found Beywn's Book Boutique.
  7317 | D:9      | Reached skill level 14 in Maces & Flails
  7373 | D:9      | Found Vihy's Antique Weapon Shoppe.
  7381 | D:9      | Bought a runed morningstar for 252 gold pieces
  7562 | D:9      | Found a runed translucent gate.
  7639 | D:9      | Found Doles's Antique Weapon Emporium.
  7665 | D:9      | Noticed Bstoun's ghost (novice HOBe)
  7861 | D:10     | Entered Level 10 of the Dungeon
  7880 | D:9      | Reached **** piety under Okawaru
  7912 | D:10     | Noticed Maurice
  7974 | D:9      | Killed an unseen horror
  7974 | D:9      | Reached XP level 11. HP: 47/67 MP: 11/11
  8112 | D:9      | Killed Maurice
  8112 | D:9      | Reached skill level 15 in Maces & Flails
  8390 | D:10     | Noticed Harold
  8428 | D:10     | Killed Harold
  8428 | D:10     | Reached ***** piety under Okawaru
  8445 | D:10     | Found a staircase to the Lair.
  8627 | D:10     | Noticed Snorg
  8675 | D:10     | Killed Snorg
  8675 | D:10     | Received a gift from Okawaru
  8886 | Lair:1   | Entered Level 1 of the Lair of Beasts
  9004 | Lair:1   | Reached skill level 16 in Maces & Flails
  9728 | Lair:2   | Noticed Fannar
  9729 | Lair:2   | Found a hole to the Spider Nest.
  9748 | Lair:2   | Killed Fannar
  9847 | Lair:2   | Received a gift from Okawaru
 10048 | Lair:2   | Reached skill level 5 in Armour
 10048 | Lair:2   | Reached skill level 5 in Shields
 10485 | Lair:3   | Reached XP level 12. HP: 50/72 MP: 7/12
 10940 | Lair:3   | Found a staircase to the Swamp.
 10965 | Lair:3   | Noticed a five-headed hydra
 10975 | Lair:3   | Killed a five-headed hydra
 11123 | Lair:3   | Noticed a five-headed hydra
 11137 | Lair:3   | Killed a five-headed hydra
 11289 | Lair:3   | Killed from afar by a rime drake

Levels and vault maps discovered:
D:1:      ncdulo_watergridlock, layout_loops_ring, minmay_rat_gold_closets
D:2:      layout_loops_corners, nemelex_xobeh_ov_fountains_minmay,
          overflow_temple_1_default, gammafunk_temple_overflow_arena,
          first_ration
D:3:      layout_basic, uniq_jessica
D:4:      layout_basic
D:5:      layout_loops_ring, chequers_temple_overflow_statue_of_worship,
          vehumet_crystals, minmay_temple_entry_nine_rooms, minivault_23,
          uniq_menkaure, uniq_edmund, uniq_pikel, uniq_blork_the_orc
D:6:      layout_loops_ring, uniq_prince_ribbit1, uniq_grinder
D:7:      layout_loops_ring, lemuel_zombie_altar_kikubaaqudgha
D:8:      hangedman_cross_stitches, layout_loops_cross,
          hangedman_pestilent_swarm, kennysheep_generic_room_14
D:9:      layout_loops_cross, serial_shops, kennysheep_mini, shop_statue, shop,
          ebering_ghost_rock_garden
D:10:     layout_cave_pools, erik_lair_orcish_takeover, grunt_ministairs_10,
          uniq_maurice, uniq_snorg, uniq_harold
Temple:   eino_temple_lava
Lair:1:   layout_cave_pods, lemuel_fruit_fields
Lair:2:   layout_chaotic_city, spider_nest_entry_web_field, grunt_megastairs_2,
          uniq_fannar
Lair:3:   layout_gridlike, swamp_mist, kennysheep_basilisk_garden

Skill      XL: |  1  2  3  4  5  6  7  8  9 10 11 12 |
---------------+-------------------------------------+-----
Maces & Flails | 3 4 5 6 7 9 11 12 14 16 | 16.0
Fighting       | 5 7 |  7.2
Armour         | 5 8 |  8.0
Shields        | 5 8 |  8.0

Action                   |  1- 3 |  4- 6 |  7- 9 | 10-12 || total
-------------------------+-------+-------+-------+-------++-------
Melee: Flail             |   127 |   337 |   213 |   206 ||   883
       Whip              |       |       |   156 |       ||   156
       Morningstar       |       |       |       |   488 ||   488
Throw: Throwing net      |       |       |       |     2 ||     2
Evoke: Wand              |       |       |     6 |    16 ||    22
  Use: Potion            |       |     3 |     1 |     6 ||    10
       Scroll            |       |       |       |     3 ||     3
 Stab: Paralysed         |       |       |    21 |       ||    21
       Held in net/web   |       |       |       |     1 ||     1
  Eat: Chunk             |       |     8 |    10 |    16 ||    34
       Ration            |       |       |       |     1 ||     1
Armor: Scale mail        |    58 |   219 |   129 |   407 ||   813
Dodge: Dodged            |    33 |   114 |    61 |   176 ||   384
Block: Shield            |    73 |   181 |   109 |   308 ||   671
